Atomiques vs Senators

Created - October 27, 2020 at 19:33

Goals
1 2 3 T
Atomiques 1 2 2 5
Senators 1 1 1 3
Shots
1 2 3 T
Atomiques 10 13 7 30
Senators 5 25 10 40

1st period

1. Senators , Jordan Schroeder 3 (Nick Foligno 4) at 12:08
2. Atomiques , Oscar Sundqvist 3 (Brock McGinn 2) at 12:16

Penalties :
Dylan Blujus (BIN) for Hooking (Minor) at 9:47, Wiley Sherman (STB) for Hooking (Minor) at 14:19

2nd period

3. Atomiques , Brock McGinn 7 (Oscar Sundqvist 5, Wiley Sherman 3) at 4:08
4. Atomiques , Brock McGinn 8 (Oscar Sundqvist 6, Christian Fischer 1) at 10:39
5. Senators , Jonathan Ferland 2 (Nathan Gerbe 4) at 17:54 (PP)

Penalties :
Jeremy Lauzon (STB) for Hooking (Minor) at 17:53, Jeremy Lauzon (STB) for Slashing (Minor) at 18:32

3rd period

6. Senators , Jonathan Ferland 3 (Nathan Gerbe 5, Andy Andreoff 1) at 0:24 (PP)
7. Atomiques , William Nylander 1 (Wiley Sherman 4, Michael Chaput 2) at 1:03
8. Atomiques , Christian Fischer 1 (Brock McGinn 3, Oscar Sundqvist 7) at 4:39 (PP)

Penalties :
Keegan Lowe (BIN) for Hooking (Minor) at 2:47, Brendan Perlini (STB) for Hooking (Minor) at 5:32, Jonathan Ferland (BIN) for Tripping (Minor) at 17:51

Goalie Stats

Alex Nedeljkovic (STB), 37 saves from 40 shots - (0.925), W, 3-2-0, 60:00 minutes
Justin Peters (BIN), 25 saves from 30 shots - (0.833), L, 2-2-0, 60:00 minutes

Players Stats for Atomiques

Player Name              G  A  P  +/- PIM S  H  SB GA TA FO     MP     PP MP  PK MP  
------------------------------------------------------------------------------------
Brendan Guhle            0  0  0  -1  0   1  1  0  0  0  0/0    17:55   0:00   2:12 
Brendan Perlini          0  0  0  -1  2   0  1  1  1  0  0/0    11:32   0:35   0:00 
Brock McGinn             2  2  4   3  0   4  1  2  0  0  0/3    22:45   2:34   3:16 
Chase De Leo             0  0  0   0  0   0  0  0  0  0  1/3     6:11   0:00   0:00 
Christian Fischer        1  1  2   3  0   3  3  0  0  1  1/1    19:29   2:34   0:00 
Denis Gurianov           0  0  0   1  0   1  1  0  0  0  0/0    16:08   2:41   0:00 
Dylan Strome             0  0  0  -1  0   0  0  0  0  1  7/7    10:58   0:00   0:03 
Jeremy Lauzon            0  0  0  -1  4   0  0  2  0  0  0/0    19:57   2:28   1:48 
Kerby Rychel             0  0  0   0  0   2  1  0  0  1  0/0     8:30   0:00   1:24 
Kevin Fiala              0  0  0  -1  0   1  2  0  1  0  0/0    11:28   0:35   0:00 
Matt Tennyson            0  0  0   3  0   4  2  4  1  0  0/0    29:52   3:22   3:39 
Michael Chaput           0  1  1   1  0   1  3  1  1  0  7/18   17:55   2:41   1:49 
Nicolas Aube-Kubel       0  0  0   0  0   0  1  0  0  0  0/0     9:36   0:35   1:59 
Oliver Kylington         0  0  0   1  0   0  0  0  0  0  0/0    14:25   2:28   1:22 
Oscar Sundqvist          1  3  4   3  0   6  0  2  0  0  13/35  22:40   2:34   3:11 
Sean Walker              0  0  0   1  0   0  1  0  0  0  0/0     9:45   0:00   0:00 
Wiley Sherman            0  2  2   3  2   3  1  2  2  1  0/0    28:53   3:22   2:41 
William Nylander         1  0  1   1  0   4  1  0  2  0  1/2    16:06   2:41   0:00 

Players Stats for Senators

Player Name              G  A  P  +/- PIM S  H  SB GA TA FO     MP     PP MP  PK MP  
------------------------------------------------------------------------------------
A.J. Jenks               0  0  0   0  0   4  1  1  0  0  1/1    11:26   0:00   0:00 
Adam Ollas-Mattsson      0  0  0   0  0   0  0  0  0  0  0/0     4:47   0:00   0:00 
Andy Andreoff            0  1  1  -2  0   4  2  0  0  0  0/1    21:04   3:13   2:08 
Anthony Richard          0  0  0   0  0   0  0  0  0  0  0/0     0:35   0:20   0:00 
Branden Troock           0  0  0   0  0   0  0  0  0  0  0/0     0:00   0:00   0:00 
Brett Bulmer             0  0  0   0  0   0  0  1  0  0  0/0     8:03   0:00   0:00 
Chandler Stephenson      0  0  0   0  0   1  0  0  0  0  1/3     8:03   0:00   0:00 
Dylan Blujus             0  0  0   0  2   0  0  0  0  0  0/0    18:32   2:24   1:18 
Eric Mestery             0  0  0  -1  0   1  0  4  0  0  0/0    12:15   0:00   2:13 
Grant Besse              0  0  0   0  0   3  0  0  0  0  0/0    11:26   0:00   0:00 
Jack Dougherty           0  0  0  -1  0   0  0  2  0  0  0/0     9:59   0:00   0:00 
Jake Evans               0  0  0   0  0   0  0  0  0  0  0/0     0:27   0:12   0:00 
Jonathan Ferland         2  0  2  -2  2   7  3  1  3  2  0/0    21:04   3:14   2:17 
Jordan Schroeder         1  0  1  -1  0   3  0  0  0  0  5/11   16:15   2:25   0:52 
Keegan Lowe              0  0  0  -2  2   2  1  1  0  2  0/0    24:27   3:27   2:19 
Kevin Rooney             0  0  0   0  0   1  0  0  0  0  2/5    11:26   0:00   0:00 
Mark Giordano            0  0  0  -2  0   0  1  1  0  2  0/0    25:53   3:27   3:44 
Mason Geertsen           0  0  0   0  0   0  0  0  0  0  0/0     0:00   0:00   0:00 
Nathan Gerbe             0  2  2  -2  0   4  1  1  0  0  30/46  22:09   3:19   3:16 
Nick Foligno             0  1  1  -1  0   7  1  1  0  0  0/1    16:07   2:25   0:41 
Philippe Myers           0  0  0   0  0   0  0  0  0  0  0/0     4:47   0:00   0:00 
Scott Harrington         0  0  0   0  0   1  2  0  0  2  0/0    19:21   2:24   2:06 
Tomas Jurco              0  0  0  -1  0   1  1  0  0  0  0/0    15:23   2:25   0:00 
Warren Foegele           0  0  0   0  0   0  0  0  0  0  0/0     1:41   0:00   1:32 
Zemgus Girgensons        0  0  0   0  0   1  2  0  1  0  0/1     8:57   0:00   0:54 

3 Stars

1 - Brock McGinn (STB)
2 - Oscar Sundqvist (STB)
3 - Christian Fischer (STB)

Power Play

Atomiques - 1 on 3 Attempt(s) - 33.33%
Senators - 2 on 4 Attempt(s) - 50.00%

Penalty Kill

Atomiques - 2 on 4 Attempt(s) - 50.00% - Score 0 goal in Penalty Kill
Senators - 2 on 3 Attempt(s) - 66.67% - Score 0 goal in Penalty Kill

Team Stat

Atomiques - Hits : 19 - Faceoff Wins : 30 - Blocked Shots : 14 - Penalty Minutes : 8
Senators - Hits : 15 - Faceoff Wins : 39 - Blocked Shots : 13 - Penalty Minutes : 6

Official

Referees : Unknown
Linesman : Unknown

Game Notes

No Game Note

Finance

Level 1 -- Attendance: 2000 (100.00%) -- Ticket Income $66,000
Level 2 -- Attendance: 1000 (100.00%) -- Ticket Income $15,000
Total Attendance: 3000 (100.00%)
Total Ticket Income: $81,000
Other Income: $4,050
Total Income: $85,050

Atomiques

5 vs 5 Forward 
   Center                   Left Wing                Right Wing               Time % Phy DF OF 
 1 Oscar Sundqvist          Brock McGinn             Christian Fischer        40     1   2  2  
 2 Michael Chaput           William Nylander         Denis Gurianov           30     1   2  2  
 3 Dylan Strome             Brendan Perlini          Kevin Fiala              20     1   2  2  
 4 Chase De Leo             Kerby Rychel             Nicolas Aube-Kubel       10     1   2  2  

5 vs 5 Defense 
   Defense                  Defense                                           Time % Phy DF OF 
 1 Wiley Sherman            Matt Tennyson                                     40     1   2  2  
 2 Jeremy Lauzon            Brendan Guhle                                     30     1   2  2  
 3 Oliver Kylington         Sean Walker                                       20     1   2  2  
 4 Wiley Sherman            Matt Tennyson                                     10     1   2  2  

PowerPlay Forward 
   Center                   Left Wing                Right Wing               Time % Phy DF OF 
 1 Oscar Sundqvist          Brock McGinn             Christian Fischer        60     1   2  2  
 2 Michael Chaput           William Nylander         Denis Gurianov           40     1   2  2  

PowerPlay Defense
   Defense                  Defense                                           Time % Phy DF OF 
 1 Wiley Sherman            Matt Tennyson                                     60     1   2  2  
 2 Jeremy Lauzon            Oliver Kylington                                  40     1   2  2  

Penalty Kill 4 Players Forward 
   Center                   Wing                     Time % Phy DF OF 
 1 Oscar Sundqvist          Brock McGinn             60     1   2  2  
 2 Michael Chaput           Nicolas Aube-Kubel       40     1   2  2  

Penalty Kill 4 Players Defense
   Defense                  Defense                  Time % Phy DF OF 
 1 Wiley Sherman            Matt Tennyson            60     1   2  2  
 2 Jeremy Lauzon            Brendan Guhle            40     1   2  2  

Penalty Kill - 3 Players Forward 
   Forward                                           Time % Phy DF OF 
 1 Oscar Sundqvist                                   60     1   2  2  
 2 Michael Chaput                                    40     1   2  2  

Penalty Kill - 3 Players Defense
   Defense                  Defense                  Time % Phy DF OF 
 1 Wiley Sherman            Matt Tennyson            60     1   2  2  
 2 Jeremy Lauzon            Brendan Guhle            40     1   2  2  

4 vs 4 Forward 
   Center                   Wing                     Time % Phy DF OF 
 1 Oscar Sundqvist          Brock McGinn             60     1   2  2  
 2 Michael Chaput           William Nylander         40     1   2  2  

4 vs 4 Defense
   Defense                  Defense                  Time % Phy DF OF 
 1 Wiley Sherman            Matt Tennyson            60     1   2  2  
 2 Jeremy Lauzon            Brendan Guhle            40     1   2  2  

Last Minutes Offensive
   Center                   Left Wing                Right Wing               Defense                  Defense                  
   Oscar Sundqvist          Brock McGinn             Christian Fischer        Wiley Sherman            Jeremy Lauzon            

Last Minutes Defensive
   Center                   Left Wing                Right Wing               Defense                  Defense                  
   Oscar Sundqvist          Brock McGinn             Christian Fischer        Brendan Guhle            Matt Tennyson            

Goaltenders
Starting : Alex Nedeljkovic         
Backup : Kaapo Kahkonen           

Extra Forwards
Normal : Brendan Perlini, Kevin Fiala, William Nylander - PP : Brendan Perlini, Kevin Fiala - PK : Nicolas Aube-Kubel
Extra Defensemen
Normal : Sean Walker, Oliver Kylington, Matt Tennyson - PP : Oliver Kylington - PK : Oliver Kylington, Sean Walker
Penalty Shots
Oscar Sundqvist, Kevin Fiala, William Nylander, Matt Tennyson, Michael Chaput

Scratches
Max McCormick (Healthy), Dalton Smith (Healthy), Axel Holmstrom (Healthy), Keegan Iverson (Healthy)

Senators

5 vs 5 Forward 
   Center                   Left Wing                Right Wing               Time % Phy DF OF 
 1 Nathan Gerbe             Andy Andreoff            Jonathan Ferland         40     1   2  2  
 2 Jordan Schroeder         Nick Foligno             Tomas Jurco              30     1   2  2  
 3 Kevin Rooney             A.J. Jenks               Grant Besse              20     1   2  2  
 4 Chandler Stephenson      Zemgus Girgensons        Brett Bulmer             10     1   2  2  

5 vs 5 Defense 
   Defense                  Defense                                           Time % Phy DF OF 
 1 Mark Giordano            Keegan Lowe                                       40     1   2  2  
 2 Scott Harrington         Dylan Blujus                                      30     1   2  2  
 3 Eric Mestery             Jack Dougherty                                    20     1   2  2  
 4 Philippe Myers           Adam Ollas-Mattsson                               10     1   2  2  

PowerPlay Forward 
   Center                   Left Wing                Right Wing               Time % Phy DF OF 
 1 Nathan Gerbe             Andy Andreoff            Jonathan Ferland         60     1   2  2  
 2 Jordan Schroeder         Nick Foligno             Tomas Jurco              40     1   2  2  

PowerPlay Defense
   Defense                  Defense                                           Time % Phy DF OF 
 1 Mark Giordano            Keegan Lowe                                       60     1   2  2  
 2 Scott Harrington         Dylan Blujus                                      40     1   2  2  

Penalty Kill 4 Players Forward 
   Center                   Wing                     Time % Phy DF OF 
 1 Nathan Gerbe             Jonathan Ferland         60     1   2  2  
 2 Andy Andreoff            Nick Foligno             40     1   2  2  

Penalty Kill 4 Players Defense
   Defense                  Defense                  Time % Phy DF OF 
 1 Mark Giordano            Keegan Lowe              60     1   2  2  
 2 Scott Harrington         Dylan Blujus             40     1   2  2  

Penalty Kill - 3 Players Forward 
   Forward                                           Time % Phy DF OF 
 1 Nathan Gerbe                                      60     1   2  2  
 2 Jonathan Ferland                                  40     1   2  2  

Penalty Kill - 3 Players Defense
   Defense                  Defense                  Time % Phy DF OF 
 1 Mark Giordano            Keegan Lowe              60     1   2  2  
 2 Scott Harrington         Dylan Blujus             40     1   2  2  

4 vs 4 Forward 
   Center                   Wing                     Time % Phy DF OF 
 1 Nathan Gerbe             Jonathan Ferland         60     1   2  2  
 2 Andy Andreoff            Nick Foligno             40     1   2  2  

4 vs 4 Defense
   Defense                  Defense                  Time % Phy DF OF 
 1 Mark Giordano            Keegan Lowe              60     1   2  2  
 2 Scott Harrington         Dylan Blujus             40     1   2  2  

Last Minutes Offensive
   Center                   Left Wing                Right Wing               Defense                  Defense                  
   Nathan Gerbe             Andy Andreoff            Jonathan Ferland         Mark Giordano            Keegan Lowe              

Last Minutes Defensive
   Center                   Left Wing                Right Wing               Defense                  Defense                  
   Nathan Gerbe             Andy Andreoff            Jonathan Ferland         Mark Giordano            Keegan Lowe              

Goaltenders
Starting : Justin Peters            
Backup : Sami Aittokallio         

Extra Forwards
Normal : Anthony Richard, Jake Evans, Warren Foegele - PP : Anthony Richard, Jake Evans - PK : Warren Foegele
Extra Defensemen
Normal : Mason Geertsen, Eric Mestery, Jack Dougherty - PP : Mason Geertsen - PK : Eric Mestery, Jack Dougherty
Penalty Shots
Nathan Gerbe, Jonathan Ferland, Andy Andreoff, Nick Foligno, Tomas Jurco

Scratches
Zach Nastasiuk (Healthy), Jonas Siegenthaler (Healthy), Blake Coleman (Healthy), Maxim Letunov (Healthy), Pontus Sjalin (Healthy)
Keven Bouchard (Healthy)

% Time on Ice - Atomiques

Lines # - Real PCT - Wanted PCT - Time Play
Normal Forward
1 - 37% - 40% - 18:06
2 - 28% - 30% - 13:25
3 - 22% - 20% - 10:37
4 - 13% - 10% - 6:11
Normal Defense
1 - 42% - 40% - 20:15
2 - 33% - 30% - 15:43
3 - 20% - 20% - 9:45
4 - 5% - 10% - 2:36
PP Forward
1 - 49% - 60% - 2:50
2 - 51% - 40% - 3:00
PP Defense
1 - 58% - 60% - 3:22
2 - 42% - 40% - 2:28
PK Forward
1 - 80% - 60% - 4:40
2 - 20% - 40% - 1:11
PK Defense
1 - 62% - 60% - 3:39
2 - 38% - 40% - 2:12
PK3 Forward
1 - 0% - 60%
2 - 0% - 40%
PK3 Defense
1 - 0% - 60%
2 - 0% - 40%
44 Forward
1 - 0% - 60%
2 - 0% - 40%
44 Defense
1 - 0% - 60%
2 - 0% - 40%
Last Minute Offensive  - 0:00
Last Minute Defensive  - 0:00
Total
Forward - 60:00
Defense - 60:00

% Time on Ice - Senators

Lines # - Real PCT - Wanted PCT - Time Play
Normal Forward
1 - 33% - 40% - 15:49
2 - 27% - 30% - 13:01
3 - 24% - 20% - 11:26
4 - 17% - 10% - 8:03
Normal Defense
1 - 39% - 40% - 18:42
2 - 31% - 30% - 14:51
3 - 21% - 20% - 9:59
4 - 10% - 10% - 4:47
PP Forward
1 - 59% - 60% - 3:26
2 - 41% - 40% - 2:25
PP Defense
1 - 59% - 60% - 3:27
2 - 41% - 40% - 2:24
PK Forward
1 - 91% - 60% - 5:17
2 - 9% - 40% - 0:33
PK Defense
1 - 64% - 60% - 3:44
2 - 36% - 40% - 2:06
PK3 Forward
1 - 0% - 60%
2 - 0% - 40%
PK3 Defense
1 - 0% - 60%
2 - 0% - 40%
44 Forward
1 - 0% - 60%
2 - 0% - 40%
44 Defense
1 - 0% - 60%
2 - 0% - 40%
Last Minute Offensive  - 0:00
Last Minute Defensive  - 0:00
Total
Forward - 60:00
Defense - 60:00

Play-by-Play

1st period


0:01 of 1st period - Nathan Gerbe wins face-off versus Oscar Sundqvist in neutral zone.
0:09 of 1st period - Matt Tennyson is hit by Mark Giordano.
0:48 of 1st period - Nick Foligno is hit by Kevin Fiala and loses puck.
0:55 of 1st period - Snap shot by Nick Foligno.
0:55 of 1st period - Shot Misses the Net.
1:15 of 1st period - Snap shot by Kerby Rychel.
1:15 of 1st period - Shot Blocked by Jack Dougherty.
1:17 of 1st period - Slapshot by Sean Walker.
1:17 of 1st period - Shot Misses the Net.
1:19 of 1st period - Slapshot by Sean Walker.
1:19 of 1st period - Shot Misses the Net.
1:37 of 1st period - Snap shot by Brock McGinn.
1:37 of 1st period - Stopped by Justin Peters with a rebound.
1:39 of 1st period - Snap shot by Brock McGinn.
1:39 of 1st period - Shot Misses the Net.
2:16 of 1st period - Snap shot by A.J. Jenks.
2:16 of 1st period - Shot Blocked by Matt Tennyson.
3:35 of 1st period - Slapshot by A.J. Jenks.
3:35 of 1st period - Stopped by Alex Nedeljkovic without a rebound.
3:36 of 1st period - A.J. Jenks wins face-off versus Chase De Leo in Atomiques zone.
3:41 of 1st period - Snap shot by A.J. Jenks.
3:41 of 1st period - Shot Blocked by Wiley Sherman.
3:47 of 1st period - Wiley Sherman is hit by A.J. Jenks and loses puck.
4:02 of 1st period - Jonathan Ferland is hit by Matt Tennyson and loses puck.
4:25 of 1st period - Snap shot by Tomas Jurco.
4:25 of 1st period - Shot Blocked by Jeremy Lauzon.
5:05 of 1st period - Off-side.
5:06 of 1st period - Kevin Rooney wins face-off versus Oscar Sundqvist in neutral zone.
5:38 of 1st period - Jonathan Ferland is hit by Denis Gurianov and loses puck.
6:32 of 1st period - Snap shot by Kevin Rooney.
6:32 of 1st period - Stopped by Alex Nedeljkovic with a rebound.
6:34 of 1st period - Wrist shot by Kevin Rooney.
6:34 of 1st period - Deflect By Grant Besse.
6:34 of 1st period - Shot Blocked by Matt Tennyson.
6:34 of 1st period - Puck is out of play.
6:35 of 1st period - Kevin Rooney wins face-off versus Oscar Sundqvist in Atomiques zone.
6:40 of 1st period - Wrist shot by A.J. Jenks.
6:40 of 1st period - Deflect By Oscar Sundqvist.
6:40 of 1st period - Shot Blocked by Brock McGinn.
6:40 of 1st period - Puck is out of play.
6:41 of 1st period - Oscar Sundqvist wins face-off versus Nathan Gerbe in Atomiques zone.
6:50 of 1st period - Wrist shot by Jonathan Ferland.
6:50 of 1st period - Stopped by Alex Nedeljkovic without a rebound.
6:51 of 1st period - Oscar Sundqvist wins face-off versus Nathan Gerbe in Atomiques zone.
6:58 of 1st period - Wrist shot by Brock McGinn.
6:58 of 1st period - Stopped by Justin Peters without a rebound.
6:59 of 1st period - Nathan Gerbe wins face-off versus Oscar Sundqvist in Senators zone.
7:04 of 1st period - Snap shot by Oscar Sundqvist.
7:04 of 1st period - Stopped by Justin Peters with a rebound.
7:12 of 1st period - Wrist shot by Brock McGinn.
7:12 of 1st period - Deflect By Christian Fischer.
7:12 of 1st period - Shot Misses the Net.
7:12 of 1st period - Puck is out of play.
7:13 of 1st period - Michael Chaput wins face-off versus Jordan Schroeder in Senators zone.
7:20 of 1st period - Slapshot by William Nylander.
7:20 of 1st period - Stopped by Justin Peters with a rebound.
9:04 of 1st period - Nick Foligno is hit by William Nylander and loses puck.
9:09 of 1st period - Snap shot by Denis Gurianov.
9:09 of 1st period - Shot Hit the Post.
9:43 of 1st period - Snap shot by Michael Chaput.
9:43 of 1st period - Deflect By William Nylander.
9:43 of 1st period - Shot Misses the Net.
9:43 of 1st period - Puck is out of play.
9:44 of 1st period - Nathan Gerbe wins face-off versus Oscar Sundqvist in Senators zone.
9:44 of 1st period - Nathan Gerbe is hit by Christian Fischer.
9:47 of 1st period - Minor Penalty to Dylan Blujus for Hooking.
9:48 of 1st period - Oscar Sundqvist wins face-off versus Nathan Gerbe in Senators zone.
10:54 of 1st period - William Nylander is hit by Andy Andreoff.
11:10 of 1st period - Mark Giordano is hit by Christian Fischer and loses puck.
11:31 of 1st period - Mark Giordano is hit by Nicolas Aube-Kubel and loses puck.
11:47 of 1st period - Penalty to Dylan Blujus is over, Dylan Blujus is back on ice.
11:49 of 1st period - Off-side.
11:50 of 1st period - Chase De Leo wins face-off versus Jordan Schroeder in neutral zone.
11:58 of 1st period - Snap shot by Kerby Rychel.
11:58 of 1st period - Stopped by Justin Peters without a rebound.
11:59 of 1st period - Dylan Strome wins face-off versus Jordan Schroeder in Senators zone.
12:02 of 1st period - Wrist shot by Brendan Perlini.
12:02 of 1st period - Shot Misses the Net.
12:08 of 1st period - Snap shot by Jordan Schroeder.
12:08 of 1st period - Goal by Jordan Schroeder - Atomiques : 0 - Senators : 1.
12:09 of 1st period - Oscar Sundqvist wins face-off versus Nathan Gerbe in neutral zone.
12:12 of 1st period - Snap shot by Oscar Sundqvist.
12:12 of 1st period - Shot Misses the Net.
12:14 of 1st period - Snap shot by Oscar Sundqvist.
12:14 of 1st period - Shot Misses the Net.
12:16 of 1st period - Wrist shot by Oscar Sundqvist.
12:16 of 1st period - Goal by Oscar Sundqvist - Atomiques : 1 - Senators : 1.
12:17 of 1st period - Nathan Gerbe wins face-off versus Oscar Sundqvist in neutral zone.
12:20 of 1st period - Wiley Sherman is hit by Andy Andreoff and loses puck.
12:43 of 1st period - Slapshot by William Nylander.
12:43 of 1st period - Shot Blocked by Keegan Lowe.
13:25 of 1st period - Nicolas Aube-Kubel is hit by Zemgus Girgensons.
13:31 of 1st period - Nicolas Aube-Kubel is hit by Zemgus Girgensons.
13:45 of 1st period - Slapshot by Brock McGinn.
13:45 of 1st period - Shot Blocked by Nathan Gerbe.
14:19 of 1st period - Minor Penalty to Wiley Sherman for Hooking.
14:20 of 1st period - Nathan Gerbe wins face-off versus Brock McGinn in Atomiques zone.
14:37 of 1st period - Oscar Sundqvist is hit by Scott Harrington and loses puck.
15:47 of 1st period - Matt Tennyson is hit by Jonathan Ferland and loses puck.
16:19 of 1st period - Penalty to Wiley Sherman is over, Wiley Sherman is back on ice.
16:33 of 1st period - Snap shot by Kerby Rychel.
16:33 of 1st period - Stopped by Justin Peters with a rebound.
17:08 of 1st period - Off-side.
17:09 of 1st period - Oscar Sundqvist wins face-off versus Zemgus Girgensons in neutral zone.
17:17 of 1st period - Wrist shot by Oscar Sundqvist.
17:17 of 1st period - Deflect By Brock McGinn.
17:17 of 1st period - Shot Blocked by Brett Bulmer.
17:17 of 1st period - Puck is out of play.
17:18 of 1st period - Oscar Sundqvist wins face-off versus Chandler Stephenson in Senators zone.
17:21 of 1st period - Wrist shot by Brock McGinn.
17:21 of 1st period - Shot Blocked by Eric Mestery.
17:23 of 1st period - Slapshot by Brendan Guhle.
17:23 of 1st period - Shot Blocked by Eric Mestery.
17:25 of 1st period - Slapshot by Brendan Guhle.
17:25 of 1st period - Stopped by Justin Peters with a rebound.
17:27 of 1st period - Wrist shot by Christian Fischer.
17:27 of 1st period - Shot Misses the Net.
17:29 of 1st period - Snap shot by Oscar Sundqvist.
17:29 of 1st period - Shot Blocked by Jack Dougherty.
17:31 of 1st period - Slapshot by Brendan Guhle.
17:31 of 1st period - Deflect By Christian Fischer.
17:31 of 1st period - Stopped by Justin Peters with a rebound.
17:33 of 1st period - Slapshot by Jeremy Lauzon.
17:33 of 1st period - Shot Blocked by Eric Mestery.
17:35 of 1st period - Snap shot by Brendan Guhle.
17:35 of 1st period - Shot Misses the Net.
17:37 of 1st period - Slapshot by Jeremy Lauzon.
17:37 of 1st period - Shot Misses the Net.
17:41 of 1st period - Wrist shot by Brock McGinn.
17:41 of 1st period - Shot Misses the Net.
17:43 of 1st period - Slapshot by Christian Fischer.
17:43 of 1st period - Stopped by Justin Peters without a rebound.
17:44 of 1st period - Nathan Gerbe wins face-off versus Michael Chaput in Senators zone.
17:56 of 1st period - Wrist shot by Michael Chaput.
17:56 of 1st period - Shot Misses the Net.
17:58 of 1st period - Slapshot by Matt Tennyson.
17:58 of 1st period - Deflect By Michael Chaput.
17:58 of 1st period - Shot Misses the Net.
17:58 of 1st period - Puck is out of play.
17:59 of 1st period - Oscar Sundqvist wins face-off versus Nathan Gerbe in Senators zone.
18:22 of 1st period - Oscar Sundqvist is hit by Jonathan Ferland and loses puck.
18:32 of 1st period - Icing by Jeremy Lauzon.
18:33 of 1st period - Jordan Schroeder wins face-off versus Oscar Sundqvist in Atomiques zone.
18:36 of 1st period - Wrist shot by Nick Foligno.
18:36 of 1st period - Stopped by Alex Nedeljkovic with a rebound.
19:34 of 1st period - Keegan Lowe is hit by Kevin Fiala and loses puck.
Goals for this period are 1 for Atomiques vs 1 for Senators.
Shots for this period are 10 for Atomiques vs 5 for Senators.

2nd period


0:01 of 2nd period - Nathan Gerbe wins face-off versus Brock McGinn in neutral zone.
0:06 of 2nd period - Wrist shot by Nathan Gerbe.
0:06 of 2nd period - Stopped by Alex Nedeljkovic without a rebound.
0:07 of 2nd period - Nathan Gerbe wins face-off versus Oscar Sundqvist in Atomiques zone.
0:30 of 2nd period - Wrist shot by Brock McGinn.
0:30 of 2nd period - Shot Misses the Net.
0:46 of 2nd period - Wrist shot by Jonathan Ferland.
0:46 of 2nd period - Shot Blocked by Oscar Sundqvist.
0:48 of 2nd period - Slapshot by Mark Giordano.
0:48 of 2nd period - Deflect By Jonathan Ferland.
0:48 of 2nd period - Shot Misses the Net.
0:48 of 2nd period - Puck is out of play.
0:49 of 2nd period - Jordan Schroeder wins face-off versus Michael Chaput in Atomiques zone.
0:50 of 2nd period - Snap shot by Nick Foligno.
0:50 of 2nd period - Stopped by Alex Nedeljkovic with a rebound.
0:52 of 2nd period - Wrist shot by Nick Foligno.
0:52 of 2nd period - Stopped by Alex Nedeljkovic without a rebound.
0:53 of 2nd period - Jordan Schroeder wins face-off versus Michael Chaput in Atomiques zone.
1:21 of 2nd period - Icing by A.J. Jenks.
1:22 of 2nd period - Dylan Strome wins face-off versus Kevin Rooney in Senators zone.
1:23 of 2nd period - Slapshot by Kevin Fiala.
1:23 of 2nd period - Stopped by Justin Peters with a rebound.
1:25 of 2nd period - Slapshot by Wiley Sherman.
1:25 of 2nd period - Stopped by Justin Peters with a rebound.
1:39 of 2nd period - Slapshot by Brendan Perlini.
1:39 of 2nd period - Shot Blocked by A.J. Jenks.
1:41 of 2nd period - Slapshot by Matt Tennyson.
1:41 of 2nd period - Stopped by Justin Peters without a rebound.
1:42 of 2nd period - Oscar Sundqvist wins face-off versus Andy Andreoff in Senators zone.
1:53 of 2nd period - Slapshot by Keegan Lowe.
1:53 of 2nd period - Shot Blocked by Oscar Sundqvist.
1:55 of 2nd period - Snap shot by Andy Andreoff.
1:55 of 2nd period - Stopped by Alex Nedeljkovic with a rebound.
1:57 of 2nd period - Slapshot by Andy Andreoff.
1:57 of 2nd period - Shot Misses the Net.
2:30 of 2nd period - Wrist shot by Zemgus Girgensons.
2:30 of 2nd period - Shot Misses the Net.
3:29 of 2nd period - Wrist shot by Brock McGinn.
3:29 of 2nd period - Shot Blocked by Nick Foligno.
3:39 of 2nd period - Snap shot by Brock McGinn.
3:39 of 2nd period - Shot Misses the Net.
3:41 of 2nd period - Wrist shot by Oscar Sundqvist.
3:41 of 2nd period - Stopped by Justin Peters with a rebound.
3:43 of 2nd period - Slapshot by Wiley Sherman.
3:43 of 2nd period - Stopped by Justin Peters with a rebound.
4:06 of 2nd period - Wrist shot by Oscar Sundqvist.
4:06 of 2nd period - Stopped by Justin Peters with a rebound.
4:08 of 2nd period - Wrist shot by Brock McGinn.
4:08 of 2nd period - Goal by Brock McGinn - Atomiques : 2 - Senators : 1.
4:09 of 2nd period - Michael Chaput wins face-off versus Nathan Gerbe in neutral zone.
4:11 of 2nd period - Off-side.
4:12 of 2nd period - Nathan Gerbe wins face-off versus Michael Chaput in neutral zone.
5:00 of 2nd period - Snap shot by Chandler Stephenson.
5:00 of 2nd period - Shot Misses the Net.
5:15 of 2nd period - Icing by Sean Walker.
5:16 of 2nd period - Nathan Gerbe wins face-off versus Michael Chaput in Atomiques zone.
5:17 of 2nd period - Slapshot by Jonathan Ferland.
5:17 of 2nd period - Stopped by Alex Nedeljkovic without a rebound.
5:18 of 2nd period - Nathan Gerbe wins face-off versus Michael Chaput in Atomiques zone.
5:19 of 2nd period - Snap shot by Jonathan Ferland.
5:19 of 2nd period - Shot Misses the Net.
5:21 of 2nd period - Wrist shot by Jonathan Ferland.
5:21 of 2nd period - Shot Blocked by Matt Tennyson.
5:23 of 2nd period - Snap shot by Jonathan Ferland.
5:23 of 2nd period - Deflect By Nathan Gerbe.
5:23 of 2nd period - Stopped by Alex Nedeljkovic with a rebound.
5:29 of 2nd period - Wrist shot by Nathan Gerbe.
5:29 of 2nd period - Deflect By Wiley Sherman.
5:29 of 2nd period - Shot Misses the Net.
5:29 of 2nd period - Puck is out of play.
5:30 of 2nd period - William Nylander wins face-off versus Nathan Gerbe in Atomiques zone.
5:42 of 2nd period - Off-side.
5:43 of 2nd period - Nathan Gerbe wins face-off versus Michael Chaput in neutral zone.
6:18 of 2nd period - Snap shot by Jonathan Ferland.
6:18 of 2nd period - Deflect By Nathan Gerbe.
6:18 of 2nd period - Stopped by Alex Nedeljkovic without a rebound.
6:19 of 2nd period - Dylan Strome wins face-off versus Jordan Schroeder in Atomiques zone.
6:30 of 2nd period - Snap shot by Dylan Strome.
6:30 of 2nd period - Shot Misses the Net.
6:36 of 2nd period - Sean Walker is hit by Tomas Jurco and loses puck.
7:06 of 2nd period - Wrist shot by Denis Gurianov.
7:06 of 2nd period - Shot Misses the Net.
7:08 of 2nd period - Slapshot by Oliver Kylington.
7:08 of 2nd period - Deflect By Brock McGinn.
7:08 of 2nd period - Shot Misses the Net.
7:08 of 2nd period - Puck is out of play.
7:09 of 2nd period - Oscar Sundqvist wins face-off versus Chandler Stephenson in Senators zone.
7:16 of 2nd period - Wrist shot by Oscar Sundqvist.
7:16 of 2nd period - Shot Misses the Net.
7:18 of 2nd period - Backhand shot by Wiley Sherman.
7:18 of 2nd period - Stopped by Justin Peters without a rebound.
7:19 of 2nd period - Michael Chaput wins face-off versus Nathan Gerbe in Senators zone.
7:47 of 2nd period - Wrist shot by A.J. Jenks.
7:47 of 2nd period - Stopped by Alex Nedeljkovic with a rebound.
7:49 of 2nd period - Slapshot by Keegan Lowe.
7:49 of 2nd period - Stopped by Alex Nedeljkovic with a rebound.
7:51 of 2nd period - Slapshot by Grant Besse.
7:51 of 2nd period - Stopped by Alex Nedeljkovic without a rebound.
7:52 of 2nd period - Dylan Strome wins face-off versus Kevin Rooney in Atomiques zone.
8:15 of 2nd period - Kevin Rooney is hit by Brendan Guhle and loses puck.
8:26 of 2nd period - Wrist shot by Kevin Rooney.
8:26 of 2nd period - Shot Misses the Net.
8:28 of 2nd period - Snap shot by A.J. Jenks.
8:28 of 2nd period - Stopped by Alex Nedeljkovic with a rebound.
8:30 of 2nd period - Wrist shot by Grant Besse.
8:30 of 2nd period - Stopped by Alex Nedeljkovic without a rebound.
8:31 of 2nd period - Nathan Gerbe wins face-off versus Oscar Sundqvist in Atomiques zone.
8:36 of 2nd period - Snap shot by Jonathan Ferland.
8:36 of 2nd period - Shot Misses the Net.
8:38 of 2nd period - Snap shot by Jonathan Ferland.
8:38 of 2nd period - Shot Blocked by Matt Tennyson.
8:40 of 2nd period - Wrist shot by Mark Giordano.
8:40 of 2nd period - Deflect By Andy Andreoff.
8:40 of 2nd period - Stopped by Alex Nedeljkovic without a rebound.
8:41 of 2nd period - Nathan Gerbe wins face-off versus Oscar Sundqvist in Atomiques zone.
8:56 of 2nd period - Snap shot by Matt Tennyson.
8:56 of 2nd period - Stopped by Justin Peters with a rebound.
9:02 of 2nd period - Wrist shot by Keegan Lowe.
9:02 of 2nd period - Deflect By Jonathan Ferland.
9:02 of 2nd period - Shot Misses the Net.
9:02 of 2nd period - Puck is out of play.
9:03 of 2nd period - Jordan Schroeder wins face-off versus William Nylander in Atomiques zone.
10:23 of 2nd period - Snap shot by Grant Besse.
10:23 of 2nd period - Stopped by Alex Nedeljkovic with a rebound.
10:25 of 2nd period - Slapshot by Keegan Lowe.
10:25 of 2nd period - Deflect By A.J. Jenks.
10:25 of 2nd period - Stopped by Alex Nedeljkovic without a rebound.
10:26 of 2nd period - Nathan Gerbe wins face-off versus Oscar Sundqvist in Atomiques zone.
10:39 of 2nd period - Snap shot by Brock McGinn.
10:39 of 2nd period - Goal by Brock McGinn - Atomiques : 3 - Senators : 1.
10:40 of 2nd period - Michael Chaput wins face-off versus Nathan Gerbe in neutral zone.
10:43 of 2nd period - Nathan Gerbe is hit by Wiley Sherman and loses puck.
11:25 of 2nd period - Slapshot by Jordan Schroeder.
11:25 of 2nd period - Stopped by Alex Nedeljkovic with a rebound.
11:29 of 2nd period - Snap shot by Kevin Rooney.
11:29 of 2nd period - Shot Misses the Net.
13:26 of 2nd period - Snap shot by Nathan Gerbe.
13:26 of 2nd period - Stopped by Alex Nedeljkovic with a rebound.
13:36 of 2nd period - Slapshot by Matt Tennyson.
13:36 of 2nd period - Deflect By Andy Andreoff.
13:36 of 2nd period - Stopped by Justin Peters with a rebound.
13:46 of 2nd period - Backhand shot by Scott Harrington.
13:46 of 2nd period - Shot Blocked by Jeremy Lauzon.
13:48 of 2nd period - Snap shot by Scott Harrington.
13:48 of 2nd period - Stopped by Alex Nedeljkovic with a rebound.
13:50 of 2nd period - Slapshot by Nick Foligno.
13:50 of 2nd period - Shot Blocked by Brock McGinn.
13:52 of 2nd period - Snap shot by Jordan Schroeder.
13:52 of 2nd period - Deflect By Tomas Jurco.
13:52 of 2nd period - Stopped by Alex Nedeljkovic with a rebound.
13:54 of 2nd period - Snap shot by Nick Foligno.
13:54 of 2nd period - Shot Misses the Net.
14:16 of 2nd period - Wrist shot by Brendan Perlini.
14:16 of 2nd period - Shot Misses the Net.
14:30 of 2nd period - Snap shot by A.J. Jenks.
14:30 of 2nd period - Shot Misses the Net.
14:32 of 2nd period - Slapshot by Keegan Lowe.
14:32 of 2nd period - Shot Hit the Post.
14:52 of 2nd period - Wrist shot by Michael Chaput.
14:52 of 2nd period - Stopped by Justin Peters without a rebound.
14:53 of 2nd period - Nathan Gerbe wins face-off versus Michael Chaput in Senators zone.
15:05 of 2nd period - Wrist shot by Jonathan Ferland.
15:05 of 2nd period - Shot Blocked by Michael Chaput.
15:07 of 2nd period - Slapshot by Jonathan Ferland.
15:07 of 2nd period - Stopped by Alex Nedeljkovic with a rebound.
15:09 of 2nd period - Slapshot by Andy Andreoff.
15:09 of 2nd period - Shot Misses the Net.
16:03 of 2nd period - Off-side.
16:04 of 2nd period - Chandler Stephenson wins face-off versus Chase De Leo in neutral zone.
16:11 of 2nd period - Wrist shot by Chase De Leo.
16:11 of 2nd period - Deflect By Nicolas Aube-Kubel.
16:11 of 2nd period - Shot Misses the Net.
16:11 of 2nd period - Puck is out of play.
16:12 of 2nd period - Oscar Sundqvist wins face-off versus Nathan Gerbe in Senators zone.
16:19 of 2nd period - Slapshot by Andy Andreoff.
16:19 of 2nd period - Stopped by Alex Nedeljkovic with a rebound.
16:27 of 2nd period - Slapshot by Oscar Sundqvist.
16:27 of 2nd period - Shot Misses the Net.
16:37 of 2nd period - Jordan Schroeder is hit by Michael Chaput and loses puck.
17:44 of 2nd period - Wrist shot by Oscar Sundqvist.
17:44 of 2nd period - Stopped by Justin Peters with a rebound.
17:46 of 2nd period - Slapshot by Wiley Sherman.
17:46 of 2nd period - Deflect By Brock McGinn.
17:46 of 2nd period - Shot Misses the Net.
17:46 of 2nd period - Puck is out of play.
17:47 of 2nd period - Nathan Gerbe wins face-off versus Michael Chaput in Senators zone.
17:53 of 2nd period - Minor Penalty to Jeremy Lauzon for Hooking.
17:54 of 2nd period - Nathan Gerbe wins face-off versus Oscar Sundqvist in Atomiques zone.
17:54 of 2nd period - Slapshot by Jonathan Ferland.
17:54 of 2nd period - Goal by Jonathan Ferland - Atomiques : 3 - Senators : 2.
17:55 of 2nd period - Oscar Sundqvist wins face-off versus Nathan Gerbe in neutral zone.
18:25 of 2nd period - Wrist shot by Nick Foligno.
18:25 of 2nd period - Stopped by Alex Nedeljkovic without a rebound.
18:26 of 2nd period - Jordan Schroeder wins face-off versus Michael Chaput in Atomiques zone.
18:32 of 2nd period - Minor Penalty to Jeremy Lauzon for Slashing.
18:33 of 2nd period - Nathan Gerbe wins face-off versus Oscar Sundqvist in Atomiques zone.
18:33 of 2nd period - Wrist shot by Jonathan Ferland.
18:33 of 2nd period - Stopped by Alex Nedeljkovic without a rebound.
18:34 of 2nd period - Nathan Gerbe wins face-off versus Oscar Sundqvist in Atomiques zone.
18:45 of 2nd period - Snap shot by Jonathan Ferland.
18:45 of 2nd period - Shot Blocked by Wiley Sherman.
18:47 of 2nd period - Slapshot by Andy Andreoff.
18:47 of 2nd period - Stopped by Alex Nedeljkovic with a rebound.
18:49 of 2nd period - Slapshot by Mark Giordano.
18:49 of 2nd period - Shot Misses the Net.
18:59 of 2nd period - Oscar Sundqvist is hit by Nick Foligno.
19:52 of 2nd period - Mark Giordano is hit by Brock McGinn.
Goals for this period are 2 for Atomiques vs 1 for Senators.
Shots for this period are 13 for Atomiques vs 25 for Senators.

3rd period


0:01 of 3rd period - Nathan Gerbe wins face-off versus Oscar Sundqvist in neutral zone.
0:14 of 3rd period - Slapshot by Jonathan Ferland.
0:14 of 3rd period - Stopped by Alex Nedeljkovic without a rebound.
0:15 of 3rd period - Oscar Sundqvist wins face-off versus Nathan Gerbe in Atomiques zone.
0:24 of 3rd period - Snap shot by Jonathan Ferland.
0:24 of 3rd period - Goal by Jonathan Ferland - Atomiques : 3 - Senators : 3.
0:25 of 3rd period - Nathan Gerbe wins face-off versus Oscar Sundqvist in neutral zone.
0:59 of 3rd period - Wrist shot by William Nylander.
0:59 of 3rd period - Shot Misses the Net.
1:01 of 3rd period - Slapshot by Wiley Sherman.
1:01 of 3rd period - Shot Blocked by Mark Giordano.
1:03 of 3rd period - Wrist shot by William Nylander.
1:03 of 3rd period - Goal by William Nylander - Atomiques : 4 - Senators : 3.
1:04 of 3rd period - Nathan Gerbe wins face-off versus Oscar Sundqvist in neutral zone.
1:06 of 3rd period - Off-side.
1:07 of 3rd period - Nathan Gerbe wins face-off versus Oscar Sundqvist in neutral zone.
1:42 of 3rd period - Wrist shot by Nick Foligno.
1:42 of 3rd period - Stopped by Alex Nedeljkovic with a rebound.
2:02 of 3rd period - Backhand shot by Zemgus Girgensons.
2:02 of 3rd period - Stopped by Alex Nedeljkovic without a rebound.
2:03 of 3rd period - Nathan Gerbe wins face-off versus Brock McGinn in Atomiques zone.
2:06 of 3rd period - Slapshot by Nathan Gerbe.
2:06 of 3rd period - Shot Misses the Net.
2:08 of 3rd period - Slapshot by Keegan Lowe.
2:08 of 3rd period - Stopped by Alex Nedeljkovic without a rebound.
2:09 of 3rd period - Nathan Gerbe wins face-off versus Oscar Sundqvist in Atomiques zone.
2:24 of 3rd period - Wrist shot by Jonathan Ferland.
2:24 of 3rd period - Shot Misses the Net.
2:47 of 3rd period - Minor Penalty to Keegan Lowe for Hooking.
2:48 of 3rd period - Nathan Gerbe wins face-off versus Oscar Sundqvist in Senators zone.
2:48 of 3rd period - Nathan Gerbe is hit by Christian Fischer.
3:01 of 3rd period - Snap shot by Oscar Sundqvist.
3:01 of 3rd period - Shot Blocked by Jonathan Ferland.
3:03 of 3rd period - Slapshot by Wiley Sherman.
3:03 of 3rd period - Shot Blocked by Eric Mestery.
3:15 of 3rd period - Snap shot by William Nylander.
3:15 of 3rd period - Deflect By Michael Chaput.
3:15 of 3rd period - Shot Misses the Net.
3:15 of 3rd period - Puck is out of play.
3:16 of 3rd period - Michael Chaput wins face-off versus Nathan Gerbe in Senators zone.
3:17 of 3rd period - Wrist shot by William Nylander.
3:17 of 3rd period - Shot Misses the Net.
3:35 of 3rd period - Snap shot by Michael Chaput.
3:35 of 3rd period - Shot Misses the Net.
4:23 of 3rd period - Wrist shot by William Nylander.
4:23 of 3rd period - Stopped by Justin Peters without a rebound.
4:24 of 3rd period - Oscar Sundqvist wins face-off versus Nathan Gerbe in Senators zone.
4:37 of 3rd period - Slapshot by Brock McGinn.
4:37 of 3rd period - Shot Misses the Net.
4:39 of 3rd period - Wrist shot by Christian Fischer.
4:39 of 3rd period - Goal by Christian Fischer - Atomiques : 5 - Senators : 3.
4:40 of 3rd period - Christian Fischer wins face-off versus Nick Foligno in neutral zone.
4:55 of 3rd period - Backhand shot by Oscar Sundqvist.
4:55 of 3rd period - Stopped by Justin Peters with a rebound.
5:25 of 3rd period - Wiley Sherman is hit by Scott Harrington and loses puck.
5:32 of 3rd period - Minor Penalty to Brendan Perlini for Hooking.
5:33 of 3rd period - Nathan Gerbe wins face-off versus Oscar Sundqvist in Atomiques zone.
7:32 of 3rd period - Penalty to Brendan Perlini is over, Brendan Perlini is back on ice.
7:34 of 3rd period - Andy Andreoff is hit by Brendan Perlini and loses puck.
7:55 of 3rd period - Grant Besse is hit by Michael Chaput and loses puck.
9:21 of 3rd period - Snap shot by William Nylander.
9:21 of 3rd period - Shot Misses the Net.
10:09 of 3rd period - Snap shot by A.J. Jenks.
10:09 of 3rd period - Shot Blocked by Brendan Perlini.
10:11 of 3rd period - Slapshot by Eric Mestery.
10:11 of 3rd period - Shot Misses the Net.
11:08 of 3rd period - Kevin Rooney is hit by Matt Tennyson and loses puck.
11:32 of 3rd period - Eric Mestery is hit by Kerby Rychel and loses puck.
11:59 of 3rd period - Eric Mestery is hit by Sean Walker and loses puck.
12:12 of 3rd period - Snap shot by Chandler Stephenson.
12:12 of 3rd period - Stopped by Alex Nedeljkovic with a rebound.
12:14 of 3rd period - Wrist shot by Nick Foligno.
12:14 of 3rd period - Stopped by Alex Nedeljkovic with a rebound.
12:16 of 3rd period - Slapshot by Eric Mestery.
12:16 of 3rd period - Stopped by Alex Nedeljkovic without a rebound.
12:17 of 3rd period - Dylan Strome wins face-off versus Jordan Schroeder in Atomiques zone.
12:26 of 3rd period - Matt Tennyson is hit by Keegan Lowe and loses puck.
13:17 of 3rd period - Slapshot by Dylan Blujus.
13:17 of 3rd period - Shot Misses the Net.
14:36 of 3rd period - Off-side.
14:37 of 3rd period - Nathan Gerbe wins face-off versus Michael Chaput in neutral zone.
14:54 of 3rd period - Nathan Gerbe is hit by Michael Chaput and loses puck.
15:07 of 3rd period - Snap shot by Jordan Schroeder.
15:07 of 3rd period - Shot Misses the Net.
15:09 of 3rd period - Snap shot by Nick Foligno.
15:09 of 3rd period - Stopped by Alex Nedeljkovic with a rebound.
15:11 of 3rd period - Slapshot by Scott Harrington.
15:11 of 3rd period - Deflect By Jordan Schroeder.
15:11 of 3rd period - Stopped by Alex Nedeljkovic without a rebound.
15:12 of 3rd period - Dylan Strome wins face-off versus Kevin Rooney in Atomiques zone.
15:38 of 3rd period - Oscar Sundqvist is hit by Jonathan Ferland and loses puck.
16:11 of 3rd period - Backhand shot by Tomas Jurco.
16:11 of 3rd period - Shot Misses the Net.
17:03 of 3rd period - Matt Tennyson is hit by Nathan Gerbe and loses puck.
17:20 of 3rd period - Snap shot by Dylan Strome.
17:20 of 3rd period - Shot Misses the Net.
17:22 of 3rd period - Backhand shot by Matt Tennyson.
17:22 of 3rd period - Stopped by Justin Peters without a rebound.
17:23 of 3rd period - Michael Chaput wins face-off versus Jordan Schroeder in Senators zone.
17:26 of 3rd period - Wrist shot by Michael Chaput.
17:26 of 3rd period - Shot Misses the Net.
17:32 of 3rd period - Wrist shot by William Nylander.
17:32 of 3rd period - Stopped by Justin Peters without a rebound.
17:33 of 3rd period - Michael Chaput wins face-off versus Nathan Gerbe in Senators zone.
17:36 of 3rd period - Wrist shot by William Nylander.
17:36 of 3rd period - Shot Misses the Net.
17:42 of 3rd period - Slapshot by Denis Gurianov.
17:42 of 3rd period - Shot Misses the Net.
17:44 of 3rd period - Snap shot by Denis Gurianov.
17:44 of 3rd period - Stopped by Justin Peters without a rebound.
17:45 of 3rd period - Dylan Strome wins face-off versus Nathan Gerbe in Senators zone.
17:51 of 3rd period - Minor Penalty to Jonathan Ferland for Tripping.
17:52 of 3rd period - Nathan Gerbe wins face-off versus Oscar Sundqvist in Senators zone.
19:51 of 3rd period - Penalty to Jonathan Ferland is over, Jonathan Ferland is back on ice.
Goals for this period are 2 for Atomiques vs 1 for Senators.
Shots for this period are 7 for Atomiques vs 10 for Senators.